 Dungeon Crawl Stone Soup version 0.29.1-2-gbd0b4ee654 (webtiles) character file.

Game seed: 17658131475146013705

45 raistware the Conjurer (level 3, -6/21 HPs)
             Began as an Octopode Conjurer on Oct 25, 2022.
             Killed from afar by Ijyb (8 damage)
             ... with a puff of flame
             ... on level 3 of the Dungeon.
             The game lasted 00:04:15 (2380 turns).

raistware the Conjurer (Octopode Conjurer)          Turns: 2380, Time: 00:04:16

Health: -6/21      AC:  1    Str:  6    XL:     3   Next: 64%
Magic:  8/8        EV: 13    Int: 22    God:
Gold:   134        SH:  0    Dex: 10    Spells: 8/9 levels left

rFire   . . .      SeeInvis .   m - +0 dagger (venom)
rCold   . . .      Faith    .   (no shield)
rNeg    . . .      Spirit   .   (helmet restricted)
rPois   .          Reflect  .   (no amulet)
rElec   .          Harm     .   (no ring)
rCorr   .          Rampage  .   (no ring)
Will    .....                   (no ring)
Stlth   +++.......              (no ring)
HPRegen 0.07/turn               (no ring)
MPRegen 0.11/turn               (no ring)
                                (no ring)
                                (no ring)

@: no status effects
A: almost no armour, amphibious, 8 rings, camouflage 1, gelatinous body 1,
(nimble swimmer 1), tentacles
a: no special abilities


You were on level 3 of the Dungeon.
You visited 1 branch of the dungeon, and saw 3 of its levels.

You collected 134 gold pieces.

Inventory:

Hand Weapons
 j - a +0 lajatang
 m - a +0 dagger of venom (weapon)
Scrolls
 b - 5 scrolls of identify {unknown}
 e - 2 scrolls of immolation {unknown}
 g - a scroll of blinking {unknown}
 i - 2 scrolls of teleportation {unknown}
 l - a scroll of noise {unknown}
Potions
 a - a potion of magic
 c - 2 potions of attraction {unknown}
 d - a potion of might {unknown}
 f - a potion of cancellation {unknown}
 h - a potion of ambrosia {unknown}
 k - a potion of curing {unknown}


   Skills:
 - Level 2.0 Dodging
 + Level 2.7 Stealth
 + Level 3.6 Spellcasting
 - Level 4.0 Conjurations


You had 8 spell levels left.
You knew the following spells:

 Your Spells              Type           Power      Damage    Failure   Level
a - Magic Dart            Conj           84%        1d7       2%          1

Your spell library contained the following spells:

 Spells                   Type           Power      Damage    Failure   Level
 Searing Ray              Conj           42%        2d6       3%          2
 Dazzling Flash           Conj/Hex       24%        N/A       16%         3
 Fulminant Prism          Conj/Hex       6%         3d7       45%         4
 Iskenderun's Mystic Bla  Conj/Tloc      12%        2d5       45%         4


Dungeon Overview and Level Annotations

Branches:
Dungeon (3/15)

Altars:

Annotations:
D:3 Ijyb


Innate Abilities, Weirdness & Mutations

You cannot wear most types of armour.
You are amphibious.
You can wear up to eight rings at the same time.
Your skin changes colour to match your surroundings (Stealth+).
Your rubbery body absorbs attacks. (AC +1, EV +1)
((You are camouflaged when in or above water. (Stealth+)))
You have tentacles for arms and can constrict up to eight enemies at once.


Message History

The goblin shouts!
You hear a shout!
The magic dart hits the goblin.
You kill the goblin!
Ijyb the Twisted Goblin comes into view.
She is wielding a +0 dagger and carrying a wand of flame (27).
l - a scroll labelled NAOCORREHU
Found a stone staircase leading up.
A hobgoblin comes into view.
Things that are here:
a +0 dagger of venom; a scroll labelled OHIFOWA VITIQ Your +0 dagger of venom begins to drip with poison!
m - a +0 dagger of venom (weapon)
Unknown command.
Press: ? - help, v - describe, . - travel, g - get item Item here: a scroll labelled OHIFOWA VITIQ.
The floor.
b - 5 scrolls labelled OHIFOWA VITIQ (gained 1)
You see here 11 gold pieces.
You now have 134 gold pieces (gained 11).
Ijyb shouts!
Ijyb zaps a wand.
The puff of flame hits you!
You closely miss Ijyb.
The hobgoblin shouts!
You grab Ijyb. You constrict Ijyb. Ijyb hits you but does no damage.
You hit Ijyb but do no damage.
Ijyb is poisoned.
Ijyb is lightly wounded.
You constrict Ijyb, but do no damage. Ijyb hits you with a +0 dagger.
You hit Ijyb.
Ijyb looks as sick as possible!
Ijyb is moderately wounded.
You constrict Ijyb. Ijyb hits you with a +0 dagger.
You hit Ijyb.
Ijyb looks as sick as possible!
You squeeze Ijyb.
Ijyb is severely wounded.
You constrict Ijyb, but do no damage. Ijyb hits you with a +0 dagger.
* * * LOW HITPOINT WARNING * * *
The hobgoblin hits you.
* * * LOW HITPOINT WARNING * * *
You hit Ijyb but do no damage.
Ijyb looks as sick as possible!
Ijyb is severely wounded.
You constrict Ijyb, but do no damage.
Ijyb zaps a wand.
The puff of flame hits you!
You die...

##### #...######
#...#....# .. #...#....#
... #...#....#
....#####...#....#
.................###
.........g.........#
........@####....#.#
........g# ##....#.####
...)...).###..#..#....##
.........##.........)..#
..>..................#...
###......#...........# ##
#.#.....#..)....†..##
#..####.#..>........# ##.
#<....#####...#


You could see Ijyb (extremely poisoned) and a hobgoblin.

Vanquished Creatures
  2 dart slugs (D:1)
  4 endoplasms
  A giant cockroach (D:1)
  5 goblins
  6 hobgoblins
  3 jackals
  A quokka (D:2)
  3 ball pythons
  4 bats
  3 frilled lizards
  3 kobolds
  A rat (D:2)
36 creatures vanquished.

Vanquished Creatures (others)
  A fungus (D:1)
1 creature vanquished.

Grand Total: 37 creatures vanquished

Notes
Turn   | Place    | Note
-------+----------+-------------------------------------------
     0 | D:1      | raistware the Octopode Conjurer began the quest for the
                  | Orb.
     0 | D:1      | Reached XP level 1. HP: 11/11 MP: 3/3
   114 | D:1      | Found a faded altar of an unknown god.
   369 | D:1      | Reached XP level 2. HP: 17/17 MP: 3/5
  1423 | D:2      | Reached XP level 3. HP: 21/21 MP: 4/7
  2032 | D:3      | Noticed a black bear
  2351 | D:3      | Noticed Ijyb
  2379 | D:3      | HP: 1/21 [hobgoblin (4)]
  2380 | D:3      | Killed from afar by Ijyb

Illustrated notes

Levels and vault maps discovered:
D:1:      psy_arrival_fountain, layout_basic, dreamdust_ecumenical_altar_grove,
          kennysheep_decorative_pillar, grunt_decor_arrowhead,
          solitary_fountain, chequers_garden, st_stairs_12,
          nicolae_concentric_dashed_squares_wild
D:2:      layout_basic, minmay_misc_feat_nine_boxes, grunt_ministairs_2
D:3:      layout_rooms, trog_wizard, serial_glass, glass_columns_b,
          glass_columns_a, feat_on_display, feat_on_display,
          hangedman_decor_riveting, kennysheep_nub, serial_park_tiny_pond,
          minmay_checkerbox, uniq_ijyb

Skill      XL: |  1  2 |
---------------+-------+-----
Spellcasting   | 3 |  3.6
Dodging        | |  2.0
Stealth        | |  2.7
Conjurations   | |  4.0

Action                   || total
-------------------------++-------
Melee: Dagger            ||     5
       Lajatang          ||     4
       Unarmed           ||     4
       Constrict         ||     3
       Tentacles         ||     2
 Cast: Magic Dart        ||    68
Armor: Skin              ||     1
Dodge: Dodged            ||    15
